 Dungeon Crawl Stone Soup version 0.26.0-45-g9c1d065592 (webtiles) character file.

Game seed: 12217293757359330237

112 lightspider the Chiller (level 4, 0/42 HPs)
             Began as an Ogre Ice Elementalist on Jan 31, 2021.
             Slain by an orc
             ... wielding a +0 hand axe
              (6 damage)
             ... on level 3 of the Dungeon.
             The game lasted 00:13:39 (2383 turns).

lightspider the Chiller (Ogre Ice Elementalist)     Turns: 2383, Time: 00:13:40

Health: 0/42       AC:  3    Str: 12    XL:     4   Next: 93%
Magic:  7/8        EV: 10    Int: 17    God:
Gold:   76         SH:  0    Dex:  9    Spells: 2/9 levels left

rFire    . . .     SeeInvis .   n - +0 mace (protect)
rCold    . . .     Faith    .   (no shield)
rNeg     . . .     Spirit   .   a - +0 robe
rPois    .         Reflect  .   (helmet restricted)
rElec    .         Harm     .   (no cloak)
rCorr    .         Rampage  .   (gloves unavailable)
Will     .....                  (boots unavailable)
Stlth    +.........             d - amulet of magic regeneration
HPRegen  0.14/turn              g - ring of flight
MPRegen  0.36/turn              (no ring)

@: confused, slowed, very slow
A: large, unfitting armour, tough skin 1
a: Evoke Flight


You were on level 3 of the Dungeon.
You visited 1 branch of the dungeon, and saw 3 of its levels.

You collected 76 gold pieces.

Inventory:

Hand Weapons
 b - a +0 club
 n - a +0 mace of protection (weapon)
Armour
 a - a +0 robe (worn)
Jewellery
 d - an amulet of magic regeneration (around neck)
 g - a ring of flight (left hand)
Scrolls
 i - a scroll of enchant armour {unknown}
 j - a scroll of identify {unknown}
 k - 2 scrolls of remove curse
 l - a scroll of teleportation {unknown}
 m - a scroll of blinking {unknown}
 q - a scroll of amnesia {unknown}
Potions
 c - a potion of lignification {unknown}
 e - a potion of cancellation {unknown}
 f - a potion of brilliance {unknown}
 h - 3 potions of curing {unknown}
 o - a potion of haste {unknown}
 p - 2 potions of degeneration {unknown}


   Skills:
 + Level 2.2 Fighting
 + Level 2.5 Dodging
 + Level 2.1 Stealth
 + Level 3.3 Spellcasting
 + Level 4.0 Ice Magic


You had 2 spell levels left.
You knew the following spells:

 Your Spells              Type           Power        Failure   Level
a - Freeze                Ice            64%          3%          1
b - Frozen Ramparts       Ice            32%          10%         3
c - Ozocubu's Armour      Ice            16%          10%         3

Your spell library contained the following spells:

 Spells                   Type           Power        Failure   Level
 Hailstorm                Conj/Ice       9%           58%         4
 Summon Ice Beast         Ice/Summ       9%           58%         4


Dungeon Overview and Level Annotations

Branches:
Dungeon (3/15)

Altars:
Zin

Annotations:
D:3 Sigmund


Innate Abilities, Weirdness & Mutations

You are too large for most types of armour.
You have tough skin. (AC +1)


Message History

Something hits you but does no damage. The orc barely misses you.
You hear some strange, mumbled words.
You are confused.
You bump into the rock wall.
The kobold shouts!
The orc hits you with a +0 hand axe! Something hits you.
You're too confused to cast spells.
Okay, then.
You're too confused to cast spells.
You miss something. The orc barely misses you. Something hits you.
The kobold throws a poisoned dart.
The poisoned dart closely misses you. Something hits you.
* * * LOW HITPOINT WARNING * * *
The orc hits you with a +0 hand axe.
* * * LOW HITPOINT WARNING * * *
You miss something.
You hear some strange, mumbled words.
Something tries to affect you, but you resist.
The orc hits you with a +0 hand axe.
You die...

### ... ..# ...
### #.# ..# ...
### #.# #.# .# #.#
.# #@##.# ..
#####. #Ko..## ...
...... #)....#....
#####.
#########.....#...
#.......<.........
.
#.####........#..
.# #.#...........#
# .#
#.##.#...(##.....#
.#
#.##.#....##.#+###


You could see an orc and a kobold.

Vanquished Creatures
  An orc wizard (D:3)
  Natasha (D:3)
  An adder (D:2)
  A dart slug (D:1)
  A leopard gecko (D:3)
  3 orcs (D:3)
  A giant cockroach (D:1)
  9 goblins
  5 hobgoblins
  8 bats
  3 frilled lizards (D:1)
  7 kobolds
  2 rats
43 creatures vanquished.

Notes
Turn   | Place    | Note
-------+----------+-------------------------------------------
     0 | D:1      | lightspider the Ogre Ice Elementalist began the quest for
                  | the Orb.
     0 | D:1      | Reached XP level 1. HP: 16/16 MP: 3/3
   320 | D:1      | Reached XP level 2. HP: 25/26 MP: 2/5
   491 | D:1      | Reached skill level 1 in Fighting
  1099 | D:2      | Reached XP level 3. HP: 33/33 MP: 4/7
  1104 | D:2      | Learned a level 3 spell: Frozen Ramparts
  1108 | D:2      | Learned a level 3 spell: Ozocubu's Armour
  1566 | D:2      | Found a glowing silver altar of Zin.
  2124 | D:3      | Noticed Sigmund
  2369 | D:3      | Reached XP level 4. HP: 30/42 MP: 5/8
  2371 | D:3      | Noticed Natasha
  2376 | D:3      | Killed Natasha
  2377 | D:3      | Reached skill level 4 in Ice Magic
  2383 | D:3      | Slain by an orc

Illustrated notes

Levels and vault maps discovered:
D:1:      shiori_shiawase, layout_basic, serial_bayou, serial_bayou_lagoon_a,
          serial_bayou_pond_e, serial_bayou_ford_a, serial_bayou_pond_e
D:2:      layout_loops_ring, overflow_temple_1_default
D:3:      layout_basic, lemuel_coloured_pillars_altar,
          nicolae_overflow_hidden_temple, hellmonk_ghost_happy_afterlife,
          nrook_mini_backslash, minmay_bisected, uniq_grinder, uniq_natasha,
          uniq_sigmund

Skill      XL: |  1  2  3  4 |
---------------+-------------+-----
Fighting       | 1 2 |  2.2
Dodging        | 2 |  2.5
Spellcasting   | 3 |  3.3
Stealth        | 2 |  2.1
Ice Magic      | 4 |  4.0

Action                   |  1- 3 |  4- 6 || total
-------------------------+-------+-------++-------
Melee: Club              |     4 |       ||     4
       Mace              |    22 |     9 ||    31
 Cast: Freeze            |    46 |     3 ||    49
       Ozocubu's Armour  |     3 |       ||     3
       Frozen Ramparts   |     1 |     1 ||     2
  Use: Scroll            |     1 |       ||     1
Armor: Robe              |    18 |     7 ||    25
Dodge: Dodged            |    28 |     6 ||    34
